PAA
MINNESOTA LOONS @ MERCER ISLAND SCREAMING EAGLES
08/03/2037
 
TOP OF THE 1ST
Minnesota Loons batting - Pitching for Mercer Island Screaming Eagles : LHP Pavle Simic
Pitching: LHP Pavle Simic
Batting: RHB Manny Moons 0-0: Swinging Strike
0-1: Ball
1-1: Ball
2-1: Called Strike
2-2: Ball
3-2: Strikes out swinging
Batting: LHB Andrés Rodríguez 0-0: Ball
1-0: Ball
2-0: Foul Ball, location: 2F
2-1: Ball
3-1: Base on Balls
Batting: RHB Igme Samson 0-0: Called Strike
0-1: Called Strike
0-2: Fielders Choice at 2nd, 5-4 (Groundball, 56, EV 78.8 MPH)
Batting: RHB Isagani Gorre 0-0: Ball
1-0: Ball
2-0: Called Strike
2-1: Swinging Strike
2-2: Fielders Choice at 2nd, 5-4 (Groundball, 5, EV 86.9 MPH)
Top of the 1st over - 0 runs, 0 hits, 0 errors, 1 left on base; Minnesota 0 - Mercer Island 0
BOTTOM OF THE 1ST
Mercer Island Screaming Eagles batting - Pitching for Minnesota Loons : LHP Ids Knegt
Pitching: LHP Ids Knegt
Batting: SHB Jason Graham 0-0: Called Strike
0-1: Ball
1-1: Ball
2-1: Foul Ball, location: 2F
2-2: Strikes out swinging
Batting: RHB Asbel Kiprop 0-0: Ball
1-0: Called Strike
1-1: Swinging Strike
1-2: Ball
2-2: Strikes out swinging
Batting: RHB Emílio Ramírez 0-0: Fly out, F4 (Flyball, 34D, EV 88.8 MPH)
Bottom of the 1st over - 0 runs, 0 hits, 0 errors, 0 left on base; Minnesota 0 - Mercer Island 0
TOP OF THE 2ND
Minnesota Loons batting - Pitching for Mercer Island Screaming Eagles : LHP Pavle Simic
Batting: RHB Kao-tsu Koo 0-0: Called Strike
0-1: Ball
1-1: Ball
2-1: Reached on error, E4 (Groundball, 4, EV 97.5 MPH)
Batting: RHB Jason Watts 0-0: Called Strike
0-1: Ball
1-1: Grounds into double play, 6-4-3 (Groundball, 6, EV 100.6 MPH)
Batting: RHB Salvador Gisbert 0-0: Ball
1-0: SINGLE (Groundball, 6MD, EV 104.4 MPH)
Batting: RHB William Morgan 0-0: Ball
1-0: Ball
2-0: Swinging Strike
2-1: Called Strike
2-2: Foul Ball, location: 2F
2-2: Strikes out swinging
Top of the 2nd over - 0 runs, 1 hit, 1 error, 1 left on base; Minnesota 0 - Mercer Island 0
BOTTOM OF THE 2ND
Mercer Island Screaming Eagles batting - Pitching for Minnesota Loons : LHP Ids Knegt
Batting: RHB Ryoichi Yoshida 0-0: Ball
1-0: Ball
2-0: Foul Ball, location: 2F
2-1: Foul Ball, location: 2F
2-2: Ground out 4-3 (Groundball, 4, EV 83.8 MPH)
Batting: RHB Rubén Vásquez 0-0: Called Strike
0-1: Ball
1-1: Ball
2-1: Foul Ball, location: 2F
2-2: Ball
3-2: Fly out, F9 (Flyball, 9D, EV 98.8 MPH)
Batting: RHB Charles Basle 0-0: Called Strike
0-1: Ground out 5-3 (Groundball, 56S, EV 81.9 MPH)
Bottom of the 2nd over - 0 runs, 0 hits, 0 errors, 0 left on base; Minnesota 0 - Mercer Island 0
TOP OF THE 3RD
Minnesota Loons batting - Pitching for Mercer Island Screaming Eagles : LHP Pavle Simic
Batting: RHB Dave Sosa 0-0: Called Strike
0-1: Swinging Strike
0-2: Fly out, F8 (Flyball, 8RS, EV 88.8 MPH)
Batting: RHB Manny Moons 0-0: Swinging Strike
0-1: Ball
1-1: Ball
2-1: Foul Ball, location: 2F
2-2: Ball
3-2: Foul Ball, location: 2F
3-2: Foul Ball, location: 2F
3-2: SINGLE (Line Drive, 56D, EV 96.2 MPH)
Batting: LHB Andrés Rodríguez 0-0: SINGLE (Line Drive, 6M, EV 98.1 MPH)
Manny Moons to second
Runner from 2nd tries for 3rd, SAFE, throw by CF made to third
Batting: RHB Igme Samson 0-0: Ball
1-0: Called Strike
1-1: Ball
2-1: Ball
3-1: Swinging Strike
3-2: SINGLE (Line Drive, 89M, EV 101.9 MPH)
Manny Moons scores
Andrés Rodríguez to second
Batting: RHB Isagani Gorre 0-0: Fielders Choice at 2nd, 3-6 (Groundball, 34, EV 108.8 MPH)
Andrés Rodríguez to third
Batting: RHB Kao-tsu Koo 0-0: Called Strike
0-1: Ball
Isagani Gorre steals 2nd, throwing error, E2
Andrés Rodríguez scores
Isagani Gorre to third
1-1: Ball
2-1: Ground out 5-3 (Groundball, 56, EV 100.6 MPH)
Top of the 3rd over - 2 runs, 3 hits, 1 error, 1 left on base; Minnesota 2 - Mercer Island 0
BOTTOM OF THE 3RD
Mercer Island Screaming Eagles batting - Pitching for Minnesota Loons : LHP Ids Knegt
Batting: RHB Terry John 0-0: Ball
1-0: Ball
2-0: Foul Ball, location: 2F
2-1: Ball
3-1: Base on Balls
Batting: RHB Maxence Sultanbekov 0-0: Fly out, F4 (Popup, 34D, EV 45.6 MPH)
Batting: RHB Corey Ollerton 0-0: Ball
1-0: SINGLE (Line Drive, 5D, EV 94.4 MPH)
Terry John to second
Batting: SHB Jason Graham 0-0: Called Strike
0-1: Ball
1-1: Ball
2-1: DOUBLE (Flyball, 89D, EV 101.2 MPH)
Terry John scores
Corey Ollerton to third
Batting: RHB Asbel Kiprop 0-0: Fly out, F9 (Flyball, 9S, EV 85.6 MPH)
Batting: RHB Emílio Ramírez 0-0: Ball
1-0: TRIPLE (Flyball, 78XD, EV 102.5 MPH)
Corey Ollerton scores
Jason Graham scores
Batting: RHB Ryoichi Yoshida 0-0: Foul Ball, location: 2F
0-1: Ground out 4-3 (Groundball, 4, EV 85.6 MPH)
Bottom of the 3rd over - 3 runs, 3 hits, 0 errors, 1 left on base; Minnesota 2 - Mercer Island 3
TOP OF THE 4TH
Minnesota Loons batting - Pitching for Mercer Island Screaming Eagles : LHP Pavle Simic
Batting: RHB Jason Watts 0-0: Ball
1-0: SINGLE (Line Drive, 89M, EV 92.5 MPH)
Batting: RHB Salvador Gisbert 0-0: Ball
1-0: Ball
2-0: Swinging Strike
2-1: Foul Ball, location: 2F
2-2: SINGLE (Flyball, 9LS, EV 84.4 MPH)
Jason Watts to second
Runner from 2nd tries for 3rd, SAFE, throw by RF made to third
Batting: RHB William Morgan 0-0: Called Strike
0-1: Ball
1-1: Called Strike
1-2: Ball
2-2: Ball
3-2: Base on Balls
Salvador Gisbert to second
Batting: RHB Dave Sosa 0-0: Ball
1-0: Fly out, F8 (Flyball, 78M, EV 75.0 MPH)
Runner from 3rd tags up, OUT at HOME! 8-2
Salvador Gisbert to third
William Morgan to second
Batting: RHB Manny Moons 0-0: Called Strike
0-1: Ball
1-1: Ball
2-1: Called Strike
2-2: Ball
3-2: Fly out, F9 (Flyball, 9, EV 91.9 MPH)
Top of the 4th over - 0 runs, 2 hits, 0 errors, 2 left on base; Minnesota 2 - Mercer Island 3
BOTTOM OF THE 4TH
Mercer Island Screaming Eagles batting - Pitching for Minnesota Loons : LHP Ids Knegt
Batting: RHB Rubén Vásquez 0-0: Fly out, F7 (Line Drive, 7, EV 108.1 MPH)
Batting: RHB Charles Basle 0-0: Ball
1-0: Fly out, F8 (Flyball, 8LM, EV 78.1 MPH)
Batting: RHB Terry John 0-0: Ball
1-0: Ground out 1-3 (Groundball, 15S, EV 66.2 MPH)
Bottom of the 4th over - 0 runs, 0 hits, 0 errors, 0 left on base; Minnesota 2 - Mercer Island 3
TOP OF THE 5TH
Minnesota Loons batting - Pitching for Mercer Island Screaming Eagles : LHP Pavle Simic
Batting: LHB Andrés Rodríguez 0-0: Fly out, F7 (Flyball, 7LDF, EV 93.8 MPH)
Batting: RHB Igme Samson 0-0: Ball
1-0: Swinging Strike
1-1: Fly out, F9 (Flyball, 9LMF, EV 91.9 MPH)
Batting: RHB Isagani Gorre 0-0: Swinging Strike
0-1: Foul Ball, location: 2F
0-2: Strikes out swinging
Top of the 5th over - 0 runs, 0 hits, 0 errors, 0 left on base; Minnesota 2 - Mercer Island 3
BOTTOM OF THE 5TH
Mercer Island Screaming Eagles batting - Pitching for Minnesota Loons : LHP Ids Knegt
Batting: RHB Maxence Sultanbekov 0-0: Ball
1-0: Ball
2-0: SINGLE (Groundball, 56D, EV 98.8 MPH)
Batting: RHB Corey Ollerton 0-0: Bunted foul
0-1: Sac Bunt to 15S - play at first, batter OUT! 1-4
Maxence Sultanbekov to second
Batting: SHB Jason Graham 0-0: Called Strike
0-1: Ball
1-1: Ball
2-1: Ball
3-1: Base on Balls
Batting: RHB Asbel Kiprop 0-0: Called Strike
0-1: Ball
1-1: Fielders Choice at 2nd, 2-4 (Groundball, 15S, EV 66.2 MPH)
Maxence Sultanbekov to third
Batting: RHB Emílio Ramírez 0-0: Called Strike
0-1: Swinging Strike
0-2: Foul Ball, location: 2F
0-2: Ball
1-2: Ball
2-2: Ball
3-2: Base on Balls
Asbel Kiprop to second
Batting: RHB Ryoichi Yoshida 0-0: Swinging Strike
0-1: Ground out U3 (Groundball, 34, EV 76.2 MPH)
Bottom of the 5th over - 0 runs, 1 hit, 0 errors, 3 left on base; Minnesota 2 - Mercer Island 3
TOP OF THE 6TH
Minnesota Loons batting - Pitching for Mercer Island Screaming Eagles : LHP Pavle Simic
Batting: RHB Kao-tsu Koo 0-0: Ground out 5-3 (Groundball, 56S, EV 81.9 MPH)
Batting: RHB Jason Watts 0-0: Called Strike
0-1: Ball
1-1: Called Strike
1-2: Ball
2-2: Ball
3-2: Base on Balls
Pitching: RHP Wilson Rangel
Batting: RHB Salvador Gisbert 0-0: Ball
1-0: Called Strike
1-1: Ball
2-1: Called Strike
2-2: Foul Ball, location: 2F
2-2: Foul Ball, location: 2F
2-2: Ball
3-2: Foul Ball, location: 2F
3-2: Fly out, F9 (Flyball, 89M, EV 96.9 MPH)
Batting: RHB William Morgan 0-0: SINGLE (Groundball, 56D, EV 97.5 MPH)
Jason Watts to second
Batting: RHB Dave Sosa 0-0: Called Strike
0-1: Swinging Strike
0-2: Ball
1-2: Ball
2-2: Foul Ball, location: 2F
2-2: Foul Ball, location: 2F
2-2: Ball
3-2: Strikes out swinging
Top of the 6th over - 0 runs, 1 hit, 0 errors, 2 left on base; Minnesota 2 - Mercer Island 3
BOTTOM OF THE 6TH
Mercer Island Screaming Eagles batting - Pitching for Minnesota Loons : LHP Ids Knegt
Batting: RHB Rubén Vásquez 0-0: Ball
1-0: Ground out 6-3 (Groundball, 6, EV 105.0 MPH)
Batting: RHB Charles Basle 0-0: SINGLE (Groundball, 56D, EV 95.6 MPH)
Batting: RHB Terry John 0-0: Called Strike
0-1: Fly out, F7 (Line Drive, 7, EV 94.4 MPH)
Batting: RHB Maxence Sultanbekov 0-0: Ground out 1-3 (Groundball, 13, EV 90.0 MPH)
Bottom of the 6th over - 0 runs, 1 hit, 0 errors, 1 left on base; Minnesota 2 - Mercer Island 3
TOP OF THE 7TH
Minnesota Loons batting - Pitching for Mercer Island Screaming Eagles : RHP Wilson Rangel
Batting: RHB Manny Moons 0-0: Called Strike
0-1: Ball
1-1: Fly out, F2 (Popup, 2LF, EV 86.2 MPH)
Batting: LHB Andrés Rodríguez 0-0: Called Strike
0-1: Ground out 6-3 (Groundball, 6M, EV 80.0 MPH)
Batting: RHB Igme Samson 0-0: Fly out, F7 (Flyball, 7, EV 83.1 MPH)
Top of the 7th over - 0 runs, 0 hits, 0 errors, 0 left on base; Minnesota 2 - Mercer Island 3
BOTTOM OF THE 7TH
Mercer Island Screaming Eagles batting - Pitching for Minnesota Loons : LHP Ids Knegt
Batting: RHB Corey Ollerton 0-0: Ball
1-0: Reached on error, E9 (Flyball, 89M, EV 86.9 MPH)
Batting: SHB Jason Graham 0-0: Foul Ball, location: 2F
0-1: Ball
1-1: Swinging Strike
1-2: Foul Ball, location: 2F
1-2: Strikes out swinging
Batting: RHB Asbel Kiprop 0-0: Called Strike
0-1: Ball
1-1: Fly out, F8 (Flyball, 8RD, EV 86.2 MPH)
Batting: RHB Emílio Ramírez 0-0: Ball
1-0: Ball
2-0: Ball
3-0: Base on Balls
Corey Ollerton to second
Batting: RHB Ryoichi Yoshida 0-0: Fly out, F2 (Popup, 2LF, EV 91.9 MPH)
Bottom of the 7th over - 0 runs, 0 hits, 1 error, 2 left on base; Minnesota 2 - Mercer Island 3
TOP OF THE 8TH
Minnesota Loons batting - Pitching for Mercer Island Screaming Eagles : RHP Wilson Rangel
Batting: RHB Isagani Gorre 0-0: Ground out 6-3 (Groundball, 6, EV 81.2 MPH)
Batting: RHB Kao-tsu Koo 0-0: Ball
1-0: DOUBLE (Line Drive, 7LS, EV 92.5 MPH)
Batting: RHB Jason Watts 0-0: Called Strike
0-1: Called Strike
0-2: Ground out 1-3 (Groundball, 25, EV 85.0 MPH)
Batting: RHB Salvador Gisbert 0-0: Called Strike
0-1: Ball
1-1: Ball
2-1: Foul Ball, location: 2F
2-2: Hit by Pitch
Pinch Hitting: SHB Milojica Kordic 0-0: Foul Ball, location: 2F
0-1: Ball
1-1: Ball
2-1: Called Strike
2-2: Foul Ball, location: 2F
2-2: Ground out U3 (Groundball, 3, EV 106.9 MPH)
Top of the 8th over - 0 runs, 1 hit, 0 errors, 2 left on base; Minnesota 2 - Mercer Island 3
BOTTOM OF THE 8TH
Mercer Island Screaming Eagles batting - Pitching for Minnesota Loons : LHP Ids Knegt
Now at 1B: Christian Malqvist
Batting: RHB Rubén Vásquez 0-0: Called Strike
0-1: Swinging Strike
0-2: Strikes out swinging
Batting: RHB Charles Basle 0-0: Called Strike
0-1: Fly out, F9 (Flyball, 9LSF, EV 79.4 MPH)
Batting: RHB Terry John 0-0: Called Strike
0-1: Foul Ball, location: 2F
0-2: Ball
1-2: Ground out 1-3 (Groundball, 34S, EV 90.0 MPH)
Bottom of the 8th over - 0 runs, 0 hits, 0 errors, 0 left on base; Minnesota 2 - Mercer Island 3
TOP OF THE 9TH
Minnesota Loons batting - Pitching for Mercer Island Screaming Eagles : RHP Wilson Rangel
Batting: RHB Dave Sosa 0-0: Called Strike
0-1: Ground out 1-3 (Groundball, P, EV 74.4 MPH)
Batting: RHB Manny Moons 0-0: Ball
1-0: Called Strike
1-1: Ball
2-1: Swinging Strike
2-2: Ball
3-2: Strikes out swinging
Batting: LHB Andrés Rodríguez 0-0: Fly out, F8 (Flyball, 78M, EV 86.2 MPH)
Top of the 9th over - 0 runs, 0 hits, 0 errors, 0 left on base; Minnesota 2 - Mercer Island 3
Thursday, January 23rd, 2020 - OOTP Baseball 20.8 Build 74